 Dungeon Crawl Stone Soup version 0.24-a0-520-g8fd06ad0bc (webtiles) character file.

Game seed: 14381554254213835662

9 Iscandelvey the Vexing (level 2, 21/21 HPs)
             Began as a Demonspawn Arcane Marksman on July 25, 2019.
             Quit the game on level 1 of the Dungeon.
             The game lasted 00:00:10 (80 turns).

Iscandelvey the Vexing (Demonspawn Arcane Marksman)   Turns: 80, Time: 00:00:11

Health: 21/21      AC:  2    Str: 10    XL:     2   Next: 6%
Magic:  3/3        EV: 12    Int: 14    God:
Gold:   0          SH:  0    Dex: 13    Spells: 2/3 levels left

rFire    . . .     SeeInvis .   a - +0 hunting sling
rCold    . . .     Gourm    .   (no shield)
rNeg     . . .     Faith    .   e - +0 robe
rPois    .         Spirit   .   (no helmet)
rElec    .         Reflect  .   (no cloak)
rCorr    .         Harm     .   (no gloves)
MR       .....                  (no boots)
Stlth    +.........             (no amulet)
HPRegen  0.07/turn              (no ring)
MPRegen  0.08/turn              (no ring)

@: no status effects
A: spiny 1
a: no special abilities


You were on level 1 of the Dungeon.
You were not hungry.

You visited 1 branch of the dungeon, and saw 1 of its levels.

Inventory:

Hand Weapons
 a - a +0 hunting sling (weapon)
Missiles
 d - 18 sling bullets (quivered)
Armour
 e - a +0 robe (worn)
Scrolls
 c - a scroll of random uselessness {unknown}
Potions
 b - a potion of resistance {unknown}
Comestibles
 f - a ration


   Skills:
 + Level 1.0 Fighting
 + Level 2.0 Slings
 + Level 1.8 Dodging
 + Level 1.0 Spellcasting
 + Level 3.4 Hexes


You had 2 spell levels left.
You knew the following spells:

 Your Spells              Type           Power        Failure   Level  Hunger
a - Corona                Hex            ##.....      7%          1    ##.....

Your spell library contained the following spells:

 Spells                   Type           Power        Failure   Level  Hunger
 Slow                     Hex            ##......     10%         2    ###....
 Inner Flame              Hex/Fire       #.......     36%         3    ####...
 Portal Projectile        Hex/Tloc       #.....       36%         3    ####...
 Cause Fear               Hex            ##........   54%         4    #####..
 Leda's Liquefaction      Hex/Erth       #.........   78%         4    #####..


Dungeon Overview and Level Annotations

Branches:
Dungeon (1/15)

Altars:


Innate Abilities, Weirdness & Mutations

You are partially covered in sharp spines.


Message History

No target in view!
c - a scroll labeled ODEREI ULAIWNE No target in view!
A frilled lizard comes into view.
The frilled lizard hisses angrily.
Firing (i - inventory)
d - 20 sling bullets (quivered)
Press: ? - help, Shift-Dir - straight line, f - frilled lizard
Aim: a frilled lizard You shoot a sling bullet.
The sling bullet misses the frilled lizard.
A frilled lizard is nearby!
Firing (i - inventory)
d - 19 sling bullets (quivered)
Press: ? - help, Shift-Dir - straight line, f/p - frilled lizard
Aim: a frilled lizard You shoot a sling bullet.
The sling bullet hits the frilled lizard.
You kill the frilled lizard!
Found 25 bolts.
No target in view!
Are you sure you want to abandon this character and quit the game? (Confirm with "yes".)

#..........
#.......(..
#..........
#......(.#
##.......(#
#.........##
#...........
#...@#
#....#
#....#
#####....#
#........#
#........#
#.....####
#.....#
#.....# ##


There were no monsters in sight!

Vanquished Creatures
  A dart slug (D:1)
  2 giant cockroaches (D:1)
  A goblin (D:1)
  A kobold (D:1)
  2 frilled lizards (D:1)
7 creatures vanquished.

Notes
Turn   | Place    | Note
-------+----------+-------------------------------------------
     0 | D:1      | Iscandelvey the Demonspawn Arcane Marksman began the quest
                  | for the Orb.
     0 | D:1      | Reached XP level 1. HP: 15/15 MP: 2/2
    52 | D:1      | Gained mutation: You are partially covered in sharp spines.
                  | [demonic ancestry]
    52 | D:1      | Reached XP level 2. HP: 21/21 MP: 3/3
    80 | D:1      | Quit the game

Levels and vault maps discovered:
D:1:      scummos_arrival_checkerplants, layout_basic, minmay_crystal_water

Skill      XL: |  1 |
---------------+----+-----
Slings         | 2 |  2.0
Fighting       | |  1.0
Dodging        | |  1.8
Spellcasting   | |  1.0
Hexes          | |  3.4

Action                   || total
-------------------------++-------
 Fire: Hunting sling     ||    17
Armor: Robe              ||     1
Dodge: Dodged            ||     1

Table legend:
 A = Non-vault XP
 B = Vault XP
 C = Vault XP percentage of total XP
 D = Non-vault monster count
 E = Vault monster count
 F = Vault count percentage of total count
                 A         B        C        D         E       F
            +---------+---------+-------+---------+---------+-------
      Total |      14 |       0 |   0.0 |       7 |       0 |   0.0
            +---------+---------+-------+---------+---------+-------
        D:1 |      14 |       0 |   0.0 |       7 |       0 |   0.0
            +---------+---------+-------+---------+---------+-------
